 Dungeon Crawl Stone Soup version 0.29-a0-284-gf9362112df (webtiles) character file.

Game seed: 7578179916631003899

162530 Ritze the Bewitcher (level 17, -7/88 HPs)
             Began as a Spriggan Enchanter on Mar 13, 2022.
             Was the Champion of Dithmenos.
             Mangled by an entropy weaver (10 damage)
             ... on level 4 of the Spider Nest on Mar 14, 2022.
             The game lasted 01:57:59 (29100 turns).

Ritze the Bewitcher (Spriggan Enchanter)           Turns: 29100, Time: 01:58:00

Health: -7/88      AC:  7    Str: 10    XL:     17   Next: 22%
Magic:  40/47      EV: 27    Int: 18    God:    Dithmenos [******]
Gold:   2632       SH:  0    Dex: 16    Spells: 28/49 levels left

rFire   . . .      SeeInvis +   a - +8 dagger
rCold   + . .      Faith    .   y - orb {guile}
rNeg    . . .      Spirit   .   j - +2 robe {Archmagi}
rPois   +          Reflect  .   (helmet restricted)
rElec   .          Harm     .   d - +2 cloak
rCorr   .          Rampage  .   (gloves unavailable)
Will    .....      Archmagi +   (boots unavailable) Stlth *****+++++
                                i - amulet of regeneration
HPRegen 1.04/turn               h - ring of magical power
MPRegen 0.30/turn               I - ring of poison resistance

@: wreathed by umbra, very quick
A: very small, no large weapons, unfitting armour, see invisible, speed 3,
antennae 1, cold resistance 1
a: Renounce Religion, Shadow Step, Shadow Form


You were on level 4 of the Spider Nest.
You worshipped Dithmenos.
Dithmenos was exalted by your worship.
You visited 5 branches of the dungeon, and saw 28 of its levels.
You also visited: Bailey.

You collected 3979 gold pieces.
You spent 1347 gold pieces at shops.

Inventory:

Hand Weapons
 a - a +8 dagger (weapon)
 Y - a +2 rapier of electrocution
Missiles
 e - 55 poisoned darts (quivered)
 k - 5 curare-tipped darts
 p - 3 throwing nets
 q - 3 atropa-tipped darts
Armour
 d - a +2 cloak (worn)
 j - a +2 robe of the Archmagi (worn)
 y - an orb of guile (worn)
 W - the +0 hat of the Equinox {+Blink rElec Str-2 Int+2}
   (You found it on level 4 of the Lair of Beasts)

   Str:       It affects your strength (-2).
   Int:       It affects your intelligence (+2).
   rElec:     It insulates you from electricity.
   +Blink:    It lets you blink.
Jewellery
 h - a ring of magical power (left hand)
 i - an amulet of regeneration (around neck)
 I - a ring of poison resistance (right hand)
 U - a ring of protection from cold
 X - a ring of protection from fire
Wands
 l - a wand of iceblast (30)
 m - a wand of flame (74)
 s - a wand of charming (10)
 t - a wand of polymorph (4)
 u - a wand of acid (9)
 N - a wand of paralysis (13)
 O - a wand of mindburst (18)
Scrolls
 g - 7 scrolls of teleportation
 n - a scroll of magic mapping
 v - a scroll of blinking
 w - 3 scrolls of immolation
 E - 4 scrolls of summoning
 F - 4 scrolls of enchant armour
 H - 3 scrolls of fog
 M - 15 scrolls of identify
 Q - 2 scrolls of amnesia
Potions
 b - 3 potions of heal wounds
 c - 3 potions of invisibility
 f - 4 potions of ambrosia
 o - 7 potions of might
 r - 3 potions of cancellation
 z - 3 potions of flight
 B - 2 potions of mutation
 C - 4 potions of resistance
 D - 3 potions of magic
 K - 3 potions of haste
 P - 9 potions of curing
 S - 3 potions of brilliance
 V - a potion of berserk rage
Miscellaneous
 A - a condenser vane
 J - a box of beasts
 T - a phantom mirror
 Z - a phial of floods


   Skills:
 + Level 9.8 Fighting
 - Level 12.0 Short Blades
 + Level 15.1 Dodging
 + Level 20.2 Stealth
 + Level 16.5 Spellcasting
 + Level 20.4 Hexes


You had 28 spell levels left.
You knew the following spells:

 Your Spells              Type           Power      Damage    Failure   Level
a - Ensorcelled Hibernat  Hex/Ice        100%       N/A       1%          2
b - Tukima's Dance        Hex            93%        N/A       0%          3
c - Dazzling Flash        Conj/Hex       100%       N/A       1%          3
d - Confusing Touch       Hex            93%        N/A       0%          3
e - Blink                 Tloc           44%        N/A       6%          2
f - Discord               Hex            46%        N/A       6%          8

Your spell library contained the following spells:

 Spells                   Type           Power      Damage    Failure   Level
 Portal Projectile        Hex/Tloc       100%       N/A       1%          3
 Leda's Liquefaction      Hex/Erth       33%        N/A       1%          4
 Yara's Violent Unravell  Hex/Tmut       33%        3d14      1%          5
 Enfeeble                 Hex            46%        N/A       1%          7
 Freeze                   Ice            88%        1d10      4%          1
 Magic Dart               Conj           88%        1d7       4%          1
 Pain                     Necr           88%        1d8       4%          1
 Shock                    Conj/Air       88%        1d8       4%          1
 Call Imp                 Summ           22%        N/A       6%          2
 Corpse Rot               Necr/Air       44%        N/A       6%          2
 Scorch                   Fire           44%        2d7       6%          2
 Call Canine Familiar     Summ           22%        N/A       12%         3
 Frozen Ramparts          Ice            44%        1d6       12%         3
 Gell's Gravitas          Tloc           22%        N/A       12%         3
 Lesser Beckoning         Tloc           22%        N/A       12%         3
 Mephitic Cloud           Conj/Pois/Air  22%        N/A       12%         3
 Swiftness                Air            22%        N/A       12%         3
 Teleport Other           Tloc           22%        N/A       12%         3
 Airstrike                Air            11%        N/A       38%         4
 Hailstorm                Conj/Ice       22%        3d7       38%         4
 Ice Form                 Ice/Tmut       22%        N/A       38%         4
 Agony                    Necr           22%        N/A       75%         5
 Excruciating Wounds      Necr           11%        N/A       75%         5
 Lee's Rapid Deconstruct  Erth           11%        3d9*      75%         5
 Conjure Ball Lightning   Conj/Air       11%        3x3d6     99%         6
 Simulacrum               Ice/Necr       11%        N/A       99%         6
 Statue Form              Tmut/Erth      14%        N/A       99%         6
 Disjunction              Tloc           11%        N/A       100%        8


Dungeon Overview and Level Annotations

Branches:
Dungeon (15/15)            Temple (1/1) D:7            Lair (6/6) D:11
  Swamp (0/4) Lair:2       Spider (4/4) Lair:2        Slime (0/5) Lair:6
    Orc (2/2) D:11            Elf (0/3) Orc:2        Vaults (0/5) D:14
 Depths (0/4) D:15         Bailey (visited)

Altars:
Ashenzari
Cheibriados
Dithmenos
Elyvilon
Fedhas
Gozag
Hepliaklqana
Kikubaaqudgha
Makhleb
Nemelex Xobeh
Okawaru
Qazlal
Ru
Sif Muna
Trog
Uskayaw
Vehumet
Wu Jian
Xom
Yredelemnul
Zin
The Shining One
Beogh
Jiyva

Shops:
D:4 [   D:10 :[*[   D:13 !   D:14 ?   Orc:2 :*[(

Annotations:
Lair:6 3 runed translucent doors, exclusion: 2 oklob plants, cfesf's ghost, journeyman SpEn
Spider:3 3 runed translucent doors, exclusion: 2 ice statues, petercordia's ghost, adept DsWn
Spider:4 Arachne


Innate Abilities, Weirdness & Mutations

You are very small and have problems with some larger weapons.
You are too small for most types of armour.
You have supernaturally acute eyesight. (SInv)
You cover ground extremely quickly. (Speed+++)
You have a pair of small antennae on your head.
Your flesh is cold resistant. (rC+)


Message History

Unknown command.
You close the gate, pushing everything out of the way.
You hear a shout!
An entropy weaver opens the gate.
An orb spider comes into view.
Dithmenos accepts your kill.
You feel a bit more experienced.
The entropy weaver attacks as you move away!
The entropy weaver hits you!
The entropy weaver completely misses you.
The entropy weaver hits you but does no damage.
The entropy weaver completely misses you.
You hear an angry hiss.
The entropy weaver attacks as you move away!
The entropy weaver hits you. The entropy weaver hits you!
The entropy weaver misses you. The entropy weaver closely misses you.
The entropy weaver hits you!
You emit a cloud of dark smoke.
The entropy weaver completely misses you.
The entropy weaver hits you but does no damage.
The entropy weaver hits you!!
* * * LOW HITPOINT WARNING * * *
Dithmenos accepts your kill.
You feel a bit more experienced.
You hear a shout!
Casting: Discord (quite dangerous; 6% risk of failure)
Confirm with . or Enter, or press ? or * to list all spells.
Aiming: Ensorcelled Hibernation (safe; 1% risk of failure)
Press: ? - help, Shift-Dir - straight line, f - entropy weaver
Aim: an entropy weaver (black smoke, fast, strong, frenzied and insane, umbra, chance to affect: 84%)
You feel a surge of power!
The entropy weaver easily resists.
Your shadow mimicks your spell!
The entropy weaver resists with almost no effort.
The entropy weaver hits you.
* * * LOW HITPOINT WARNING * * *
The entropy weaver closely misses you. x2
The entropy weaver barely misses you. The entropy weaver hits you.
* * * LOW HITPOINT WARNING * * *
The entropy weaver completely misses you.
The entropy weaver hits you!
You die...

...##.......^..##^
..#^...#......^#.. ## #...
..#..#...#.....#.# ##.#####....
)....#......[..#.# #...##.s...
...#......^#<..#.# .....§.^# .
....^.#)#........# #.§.§§###.
#....##.###......#######..§§.§#..
###..#....#....§§§....^'†..§§§§.^
..#...^...#....§@B§....'.[§..§§.^
..##....#.#....§§§§....'^.§§§§§..
#..##.......#.^§§#######^§§§§^#..
#...#.......####.# #..§§.###.
.#.........^...#.# ........# .
......##.##.^.##.# #...##.....
..............##.## ##.#####^...
....#.............## ## #...
#..##.##..#.<##.#..##


You could see a neutral entropy weaver (fast, strong, insane).

Vanquished Creatures
  Bai Suzhen (Spider:4)
  Mlioglotl (Spider:1)
  Kirke (D:12)
  2 ghost moths
  An orc warlord (Orc:2)
  An emperor scorpion (Spider:4)
  A stone giant (D:15)
  2 broodmothers (Spider:2)
  3 entropy weavers
  A spark wasp (Spider:4)
  The ghost of Emifonlual the Unseen, a journeyman SpEn of Dithmenos (Lair:4)
  8 hydras
  3 boulder beetles
  Erolcha (D:13)
  A radroach (Spider:4)
  Erica (D:8)
  4 centaur warriors
  3 two-headed ogres
  An ogre mage (D:15)
  A death scarab (Spider:4)
  3 death yaks (Lair:5)
  4 tengu warriors
  A death knight (D:14)
  2 orc high priests (Orc:2)
  6 pharaoh ants
  A goliath frog (Lair:6)
  2 wizards
  3 orb spiders
  4 steelbarb worms
  A lindwurm (Lair:5)
  A phantasmal warrior (D:14)
  9 orc knights
  A deep elf pyromancer (D:14)
  12 wolf spiders
  12 ugly things
  5 orc sorcerers (Orc:2)
  2 moths of wrath
  Maurice (D:13)
  8 cyclopes
  2 manticores
  Joseph (Lair:1)
  26 elephants
  A guardian serpent (shapeshifter) (D:13)
  11 black mambas
  4 gargoyles
  3 torpor snails
  19 cane toads
  Maggie (D:6)
  9 demonic crawlers
  A kobold demonologist (D:11)
  4 rime drakes
  2 tengu conjurers (D:14)
  3 efreet (D:15)
  2 freezing wraiths (D:14)
  Psyche (D:9)
  9 komodo dragons
  10 trolls
  7 meliai
  A meliai (shapeshifter) (D:13)
  A hornet (shapeshifter) (D:14)
  2 hornets
  Prince Ribbit (D:6)
  20 blink frogs
  12 slime creatures
  3 tyrant leeches (Lair:6)
  A raiju (shapeshifter) (D:13)
  Grinder (D:6)
  5 dream sheep (Lair:6)
  14 tarantellas
  Sigmund (D:6)
  7 culicivoras
  2 wraiths
  A water elemental (D:15)
  18 jumping spiders
  3 wyverns
  2 hogs (D:12)
  4 basilisks
  A steam dragon (D:7)
  45 yaks
  A hog (shapeshifter) (D:15)
  27 redbacks
  18 vampire mosquitoes
  3 wargs
  13 water moccasins
  Duvessa (D:6)
  A swamp drake (D:11)
  An ice beast (D:3)
  2 black bears
  6 ogres
  29 orc warriors
  A sky beast (D:6)
  A boggart (D:15)
  9 wolves
  9 centaurs
  A phantom (D:5)
  15 bullfrogs
  3 kobold brigands
  A scorpion (D:5)
  A gnoll sergeant (D:6)
  3 necrophages
  7 wights
  Dowan (D:6)
  9 killer bees
  10 howler monkeys
  7 electric eels
  19 orc priests
  A gnoll shaman (D:5)
  8 hounds
  3 jellies
  2 iguanas
  Terence (D:2)
  22 orc wizards
  4 hell rats (Lair:6)
  Robin (D:2)
  9 gnolls
  6 adders
  2 white imps
  3 ufetubi
  2 dart slugs
  5 worms
  78 orcs
  3 bats
  2 bat zombies (D:5)
  5 endoplasms
  2 giant cockroaches (D:1)
  21 goblins
  10 hobgoblins
  3 jackals (D:2)
  A quokka (D:5)
  6 ball pythons
  24 kobolds
  2 rats
802 creatures vanquished.

Vanquished Creatures (collateral kills)
  An emperor scorpion (Spider:4)
  A ghost moth (Spider:4)
  A broodmother (Spider:4)
  An entropy weaver (Spider:4)
  A spark wasp (Spider:4)
  2 jorogumos (Spider:4)
  A radroach (Spider:4)
  3 two-headed ogres (D:15)
  An orc high priest (Orc:2)
  6 orb spiders
  3 pharaoh ants
  14 wolf spiders
  A moth of wrath (Spider:4)
  A torpor snail (Spider:2)
  2 demonic crawlers (Spider:4)
  5 meliai (Spider:4)
  9 tarantellas
  8 jumping spiders
  10 culicivoras
  10 redbacks
  11 orc warriors
  An ogre (D:15)
  A gnoll sergeant (D:7)
  A wight (D:7)
  4 orc priests (Orc:2)
  4 orc wizards
  3 gnolls
  21 orcs
  A goblin (D:3)
128 creatures vanquished.

Vanquished Creatures (others)
  An entropy weaver (Spider:4)
  A jorogumo (Spider:4)
  2 jumping spiders (Spider:2)
  A culicivora (Spider:2)
  A redback (Spider:4)
  24 dancing weapons
  An orc (Orc:2)
  30 fungi
  96 plants
157 creatures vanquished.

Grand Total: 1087 creatures vanquished

Notes
Turn   | Place    | Note
-------+----------+-------------------------------------------
     0 | D:1      | Ritze the Spriggan Enchanter began the quest for the Orb.
     0 | D:1      | Reached XP level 1. HP: 9/9 MP: 5/5
   373 | D:1      | Reached XP level 2. HP: 13/13 MP: 7/7
   377 | D:1      | Learned a level 2 spell: Ensorcelled Hibernation
   548 | D:1      | Found a faded altar of an unknown god.
  1230 | D:2      | Noticed Terence
  1264 | D:2      | Noticed Robin
  1318 | D:1      | Reached XP level 3. HP: 12/16 MP: 9/9
  1564 | D:2      | Killed Robin
  1586 | D:2      | Learned a level 3 spell: Tukima's Dance
  1590 | D:2      | Learned a level 3 spell: Confusing Touch
  1726 | D:2      | Killed Terence
  1727 | D:2      | Reached skill level 5 in Hexes
  1727 | D:2      | Reached XP level 4. HP: 21/21 MP: 8/11
  2396 | D:2      | Learned a level 3 spell: Dazzling Flash
  2491 | D:3      | Noticed an ice beast
  2511 | D:3      | Killed an ice beast
  2512 | D:3      | Reached skill level 5 in Spellcasting
  2512 | D:3      | Reached XP level 5. HP: 24/24 MP: 13/13
  3001 | D:3      | Found a hide-covered altar of Uskayaw.
  3152 | D:3      | Noticed a black bear
  3172 | D:3      | Killed a black bear
  3173 | D:3      | Reached skill level 5 in Stealth
  3173 | D:3      | Reached XP level 6. HP: 25/28 MP: 15/15
  3491 | D:4      | Found Fidai's Armour Boutique.
  3727 | D:4      | Found a bloodstained altar of Trog.
  3848 | D:5      | Entered Level 5 of the Dungeon
  3919 | D:5      | Found a basalt altar of Yredelemnul.
  3919 | D:5      | Found a radiant altar of Vehumet.
  4207 | D:5      | Reached XP level 7. HP: 31/32 MP: 17/17
  4252 | D:5      | Found an opulent altar of Gozag.
  4254 | D:5      | Found a shadowy altar of Dithmenos.
  4254 | D:5      | Found a bloodstained altar of Trog.
  4256 | D:5      | Found a shimmering altar of Xom.
  4256 | D:5      | Found a bloodstained altar of Trog.
  4256 | D:5      | Found a shadowy altar of Dithmenos.
  4616 | D:5      | Found a blossoming altar of Fedhas.
  5094 | D:5      | Found an ancient bone altar of Kikubaaqudgha.
  5104 | D:5      | Reached XP level 8. HP: 32/36 MP: 20/20
  5250 | D:6      | Noticed Maggie
  5259 | D:6      | Killed Maggie
  5299 | D:6      | Noticed Duvessa
  5299 | D:6      | Noticed Dowan
  5312 | D:6      | Killed Duvessa
  5355 | D:6      | Killed Dowan
  5451 | D:6      | Noticed Prince Ribbit
  5477 | D:6      | Killed Prince Ribbit
  5478 | D:6      | Reached skill level 10 in Stealth
  5520 | D:6      | Reached XP level 9. HP: 39/39 MP: 23/23
  5642 | D:6      | Noticed Grinder
  5654 | D:6      | Killed Grinder
  5680 | D:6      | Found a white marble altar of Elyvilon.
  5737 | D:6      | Noticed Sigmund
  5741 | D:6      | Killed Sigmund
  5834 | D:6      | Reached skill level 10 in Hexes
  5943 | D:6      | Identified a scroll of acquirement
  5943 | D:6      | Acquired 656 gold pieces
  5995 | D:6      | Found an iron altar of Okawaru.
  6424 | D:7      | Reached skill level 10 in Spellcasting
  6429 | D:7      | Found a burning altar of Makhleb.
  6522 | D:7      | Found a staircase to the Ecumenical Temple.
  6536 | Temple   | Entered the Ecumenical Temple
  6918 | D:7      | Reached skill level 1 in Fighting
  7137 | D:7      | Got Meytsoc's Early Guide to Spellweaving
  7180 | D:7      | Acquired 595 gold pieces
  7461 | D:7      | Learned a level 2 spell: Blink
  7631 | D:8      | Reached XP level 10. HP: 46/46 MP: 25/25
  7710 | D:8      | Found a sparkling altar of Nemelex Xobeh.
  7752 | D:8      | Noticed Erica
  7772 | D:8      | Killed Erica
  8120 | D:8      | Reached skill level 5 in Dodging
  8381 | D:9      | Noticed a cyclops
  8384 | D:9      | Found a shadowy altar of Dithmenos.
  8402 | D:9      | Killed a cyclops
  8410 | D:9      | Became a worshipper of Dithmenos the Shadowed
  8534 | D:9      | Found a hazy altar of Hepliaklqana.
  8584 | D:9      | Noticed Psyche
  8588 | D:9      | Killed Psyche
  9319 | D:10     | Entered Level 10 of the Dungeon
  9332 | D:10     | Found a flagged portal.
  9363 | Bailey   | Entered a bailey
  9388 | Bailey   | Reached * piety under Dithmenos
  9657 | Bailey   | Gained mutation: Your flesh is cold resistant. (rC+)
                  | [potion of mutation]
  9657 | Bailey   | Gained mutation: You have a pair of small antennae on your
                  | head. [potion of mutation]
  9661 | Bailey   | Noticed an orc knight
  9677 | Bailey   | Killed an orc knight
  9829 | Bailey   | Reached XP level 11. HP: 35/52 MP: 26/27
  9904 | D:10     | Reached skill level 5 in Short Blades
  9966 | D:10     | Found Ystro's Antique Armour Emporium.
 10025 | D:10     | Noticed a boulder beetle
 10037 | D:10     | Killed a boulder beetle
 10145 | D:10     | Found Liabun's Antique Armour Shoppe.
 10364 | D:10     | Found Tackeudi's Book Boutique.
 10458 | D:10     | Found Dunken's General Store.
 10711 | D:11     | Reached ** piety under Dithmenos
 11039 | D:11     | Found a staircase to the Lair.
 11072 | D:11     | Noticed a tengu warrior
 11146 | D:12     | Noticed Kirke
 11164 | D:12     | Killed Kirke
 11730 | D:11     | Noticed a two-headed ogre
 11736 | D:11     | Killed a two-headed ogre
 11742 | D:11     | Killed a tengu warrior
 11769 | D:11     | Reached XP level 12. HP: 59/59 MP: 29/29
 11804 | D:11     | Reached *** piety under Dithmenos
 11830 | D:11     | Reached skill level 5 in Fighting
 11887 | D:11     | Found a staircase to the Orcish Mines.
 12737 | D:13     | Noticed Maurice
 12741 | D:13     | Noticed Erolcha
 12741 | D:13     | Found Bedal Buah's Distillery.
 12744 | D:13     | Killed Maurice
 12749 | D:13     | Killed Erolcha
 12804 | D:13     | Bought 2 potions of curing for 78 gold pieces
 12804 | D:13     | Bought a potion of magic for 104 gold pieces
 12804 | D:13     | Bought 2 potions of heal wounds for 130 gold pieces
 12804 | D:13     | Bought a potion of curing for 39 gold pieces
 12804 | D:13     | Bought a potion of might for 52 gold pieces
 12804 | D:13     | Bought 2 potions of might for 104 gold pieces
 12917 | D:13     | Noticed a centaur warrior
 12924 | D:13     | Killed a centaur warrior
 13002 | D:13     | Noticed a four-headed hydra
 13009 | D:13     | Killed a four-headed hydra
 13010 | D:13     | Reached skill level 15 in Stealth
 13385 | D:13     | Noticed a centaur warrior
 13391 | D:13     | Killed a centaur warrior
 13403 | D:13     | Reached **** piety under Dithmenos
 13450 | D:13     | Reached skill level 10 in Dodging
 13845 | D:14     | Noticed a rakshasa
 14035 | D:14     | Reached XP level 13. HP: 65/65 MP: 31/31
 14118 | D:14     | Found Adano's Magic Scroll Shoppe.
 14132 | D:14     | Bought a scroll of blinking for 135 gold pieces
 14132 | D:14     | Bought a scroll of fear for 63 gold pieces
 14353 | D:14     | Found a gate to the Vaults.
 14684 | Lair:1   | Entered Level 1 of the Lair of Beasts
 14684 | Lair:1   | Noticed Joseph
 14695 | Lair:1   | Killed Joseph
 15100 | Lair:1   | Found an ornate altar of the Wu Jian Council.
 15100 | Lair:1   | Found a hide-covered altar of Uskayaw.
 15924 | Lair:2   | Found a hole to the Spider Nest.
 16172 | Lair:2   | Reached ***** piety under Dithmenos
 16538 | Lair:2   | Found a staircase to the Swamp.
 17452 | Lair:4   | You fall into a shaft and drop 1 floor!
 17563 | Lair:5   | Found a dark tunnel.
 17637 | Lair:5   | Reached XP level 14. HP: 54/72 MP: 31/33
 17705 | Lair:5   | Reached skill level 10 in Short Blades
 18363 | Lair:4   | Found a runed translucent gate.
 18364 | Lair:4   | Found a runed translucent gate.
 18365 | Lair:4   | Found a runed translucent gate.
 18367 | Lair:4   | Noticed Emifonlual's ghost (journeyman SpEn)
 18389 | Lair:4   | Killed Emifonlual's ghost
 18392 | Lair:4   | Identified the +9 lajatang of the Wraith {vorpal, Stlth+}
 18397 | Lair:4   | Identified the +0 hat of the Equinox {+Blink rElec Str-2
                  | Int+2}
 19614 | Lair:6   | Entered Level 6 of the Lair of Beasts
 19615 | Lair:6   | Upgraded the game from 0.29-a0-283-ga02f740833 to
                  | 0.29-a0-284-gf9362112df
 19757 | Lair:6   | Reached skill level 15 in Hexes
 19905 | Lair:6   | Found a runed translucent gate.
 19906 | Lair:6   | Found a runed translucent gate.
 19907 | Lair:6   | Found a runed translucent gate.
 19911 | Lair:6   | Noticed an azure jelly
 19911 | Lair:6   | Noticed a rockslime
 19911 | Lair:6   | Noticed a rockslime
 19912 | Lair:6   | Noticed an azure jelly
 19913 | Lair:6   | Noticed cfesf's ghost (journeyman SpEn)
 19913 | Lair:6   | Noticed an azure jelly
 19967 | Lair:6   | Reached ****** piety under Dithmenos
 20294 | Lair:6   | Reached skill level 15 in Spellcasting
 20459 | Lair:6   | Reached XP level 15. HP: 65/77 MP: 35/35
 20578 | Lair:6   | Found a staircase to the Slime Pits.
 20893 | Lair:6   | Noticed an acid blob
 20903 | Lair:6   | Found a viscous altar of Jiyva.
 21038 | Lair:6   | Identified the +9 war axe "Xosin" {elec, Fly rPois Str+6}
 21301 | Orc:1    | Entered Level 1 of the Orcish Mines
 21816 | Orc:2    | Entered Level 2 of the Orcish Mines
 22268 | Orc:2    | Found a staircase to the Elven Halls.
 22824 | Orc:2    | Noticed an orc warlord
 22865 | Orc:2    | Killed an orc warlord
 23113 | Orc:2    | Found Gioma's General Store.
 23114 | Orc:2    | Found Toteappi's Book Shop.
 23116 | Orc:2    | Found Lelluuh's Antique Armour Boutique.
 23116 | Orc:2    | Found Lixt's Antique Weapon Boutique.
 23127 | Orc:2    | Bought a potion of curing for 42 gold pieces
 23498 | D:15     | Entered Level 15 of the Dungeon
 24100 | D:15     | Found a staircase to the Depths.
 24573 | Spider:1 | Entered Level 1 of the Spider Nest
 24573 | Spider:1 | Noticed Mlioglotl
 24576 | Spider:1 | Killed Mlioglotl
 24695 | D:10     | Bought a book of Chaos for 600 gold pieces
 24704 | D:10     | Learned a level 8 spell: Discord
 25028 | Spider:1 | Reached XP level 16. HP: 84/84 MP: 36/36
 26231 | Spider:2 | You fall into a shaft and drop 1 floor!
 27712 | Spider:3 | Found a runed translucent gate.
 27712 | Spider:3 | Found a runed translucent gate.
 27712 | Spider:3 | Found a runed translucent gate.
 27712 | Spider:3 | Noticed petercordia's ghost (adept DsWn)
 27767 | Spider:4 | Entered Level 4 of the Spider Nest
 27767 | Spider:4 | Noticed Bai Suzhen
 27769 | Spider:4 | Killed Bai Suzhen
 28303 | Spider:4 | Noticed Arachne
 28347 | Spider:4 | Reached XP level 17. HP: 88/88 MP: 34/38
 28892 | Spider:4 | Reached skill level 15 in Dodging
 29100 | Spider:4 | HP: 3/88 [entropy weaver (6)]
 29100 | Spider:4 | Mangled by an entropy weaver

Illustrated notes

Levels and vault maps discovered:
D:1:      tarquinn_simple_flora_water_d, layout_loops_ring,
          ebering_ecumenical_altar_abandoned, roderic_serpentine_path
D:2:      layout_basic, uniq_terence, uniq_robin
D:3:      minmay_angry_zag, layout_basic, lemuel_doored_altar
D:4:      layout_cave_pools, bloody_trog, serial_shops, nicolae_diamond_shop,
          nicolae_underground_beach
D:5:      layout_cave_pools, doesnt_xom_only_xom,
          lemuel_zombie_altar_kikubaaqudgha, lemuel_tele_altar,
          jmf_multi_god_temple, feat_on_display
D:6:      layout_loops_ring, mainiacjoe_overflow_concentric_impassable,
          overflow_temple_1_default, minivault_23, due_unseen_surprise,
          uniq_prince_ribbit1, uniq_grinder, uniq_maggie, uniq_sigmund,
          uniq_duvessa
D:7:      layout_loops_ring, mainiacjoe_overflow_six_doors_small, temple_pool_b
D:8:      layout_loops_ring, nicolae_overflow_hidden_temple, uniq_erica
D:9:      layout_loops_cross, grunt_dithmenos_smoke,
          nicolae_hepliaklqana_hazy_memory, uniq_psyche
D:10:     layout_long_grid, serial_shops, shop, nicolae_diamond_shop,
          nicolae_take_the_stairs, kennysheep_mini_moat, enter_bailey_5,
          nrook_mini_backslash
D:11:     layout_loops_cross, erik_lair_island, erik_orc_1
D:12:     layout_roguey, uniq_kirke
D:13:     wad_arrow_thing, layout_irregular_city, nicolae_inconvenience_store,
          uniq_maurice, uniq_erolcha
D:14:     layout_basic, david_vaults_1, serial_shops, nicolae_lakefront_shop,
          hangedman_decor_lopped
D:15:     grunt_enter_depths_snipers, layout_basic, serial_bayou_pond_b,
          serial_curves, eino_curves_04, eino_curves_03, eino_curves_04,
          item_on_display_a
Temple:   compressed_dpeg_triangle_lava_temple
Lair:1:   layout_cellular_growth, serial_bayou_pond_c,
          nzn_masters_of_martial_movement, grunt_megastairs_4,
          serial_bayou_shore_b, serial_bayou_shore_a, uniq_joseph
Lair:2:   layout_small_grid, minmay_swamp_entry_worms, spider_nest_entry_a,
          serial_bayou_shore_b
Lair:3:   layout_roguey, infiniplex_staircase_pool_2
Lair:4:   layout_cave_pods, gammafunk_ghost_hydra_chop
Lair:5:   layout_roguey, nicolae_volcano_entry_vermiform, beast_lair_carwin_4,
          serial_bayou_shore_b, lemuel_fruit_fields, grunt_megastairs_5
Lair:6:   minmay_lair_end_frog_pond, layout_misc_corridors,
          minmay_slime_entry_oklob_enclosed, gammafunk_ghost_ooze,
          chequers_serial_rivers_micro_e, minivault_23
Spider:1: layout_chambers, uniq_mlioglotl
Spider:2: layout_spider_delve, hangedman_spider_tarantella_strand
Spider:3: layout_spider_delve, portal_ice_cave_entry_ice_statue_two,
          ebering_ghost_rock_garden
Spider:4: johnstein_spider_rune_arachne_lair, uniq_bai_suzhen
Orc:1:    layout_diamond_mine, basic_altar
Orc:2:    st_orc_congregation, layout_caves

Skill      XL: |  1  2  3  4  5  6  7  8  9 10 11 12 13 14 15 16 17 |
---------------+----------------------------------------------------+-----
Spellcasting   | 3 4 5 6 7 9 10 11 12 13 14 15 16 | 16.5
Hexes          | 4 5 6 7 9 10 11 12 13 14 15 16 20 | 20.4
Stealth        | 5 6 7 10 11 13 14 15 17 18 19 20 | 20.2
Dodging        | 4 6 8 10 11 13 14 15 | 15.1
Fighting       | 1 3 4 6 7 8 9 |  9.8
Short Blades   | 2 4 6 8 9 11 12 | 12.0

Action                   |  1- 3 |  4- 6 |  7- 9 | 10-12 | 13-15 | 16-18 || total
-------------------------+-------+-------+-------+-------+-------+-------++-------
Melee: Dagger            |    82 |   136 |   230 |   361 |   739 |   186 ||  1734
       Punch             |     1 |     1 |       |       |       |       ||     2
Throw: Dart              |       |       |     4 |       |       |       ||     4
 Cast: Ensorcelled Hiber |    35 |    18 |    65 |   142 |   280 |    58 ||   598
       Tukima's Dance    |     2 |     4 |    32 |    35 |    48 |       ||   121
       Confusing Touch   |     1 |     6 |    14 |    17 |    17 |    11 ||    66
       Discord           |       |       |       |       |       |    11 ||    11
Evoke: Wand              |       |       |     2 |       |     6 |       ||     8
       Box of beasts     |       |       |       |     1 |     1 |       ||     2
       Condenser vane    |       |       |       |       |     2 |       ||     2
  Use: Scroll            |     5 |     5 |     8 |    14 |     5 |     3 ||    40
       Potion            |       |     2 |     1 |     4 |    10 |     3 ||    20
 Stab: Sleeping          |    28 |    15 |    52 |   127 |   269 |    89 ||   580
       Confused          |     1 |     5 |    16 |    16 |    25 |    13 ||    76
       Distracted        |       |       |     1 |     1 |     7 |     2 ||    11
Armor: Robe              |    13 |    17 |    31 |    51 |    51 |    16 ||   179
Dodge: Dodged            |    75 |    85 |   201 |   348 |   652 |   194 ||  1555

Table legend: (Time is in decaauts)
 A = Elapsed time spent in this place.
 B = Non-inter-level travel time spent in this place.
 C = Inter-level travel time spent in this place.
 D = Time resting spent in this place.
 E = Time spent auto-exploring this place.
 F = Levels seen in this place.
 G = Mean time per level.
                   A        B        C        D        E       F      G
               +--------+--------+--------+--------+--------+-----+--------+
         Total |  20699 |  19520 |   1179 |   2093 |  12183 |  29 |  713.8 |
       Dungeon |  10891 |  10284 |    607 |    969 |   6537 |  15 |  726.1 |
        Temple |    211 |    209 |      2 |      0 |    178 |   1 |  211.0 |
          Lair |   4581 |   4254 |    327 |     81 |   3108 |   6 |  763.5 |
   Spider Nest |   3080 |   2877 |    203 |    616 |   1545 |   4 |  770.0 |
  Orcish Mines |   1482 |   1444 |     38 |    152 |    805 |   2 |  741.0 |
        Bailey |    451 |    451 |      0 |    273 |      8 |   1 |  451.0 |
               +--------+--------+--------+--------+--------+-----+--------+

Top non-repeatable levels by time:
    D:11: 1190 daAuts
   Orc:2: 1082 daAuts
  Lair:6: 1056 daAuts
     D:5: 969 daAuts
Spider:2: 927 daAuts
     D:1: 919 daAuts
Spider:4: 905 daAuts
     D:2: 899 daAuts
  Lair:4: 811 daAuts
    D:13: 790 daAuts
  Lair:5: 789 daAuts
Spider:1: 768 daAuts
  Lair:2: 731 daAuts
     D:7: 722 daAuts
  Lair:1: 697 daAuts
